Map: Port Aleksander LE

Players

Geralt (Gerald)

  • Race: Protoss Protoss
  • League: Grandmaster
  • Spawn Location: 11:00

Lambo - Winner!

  • Race: Zerg Zerg
  • League: Grandmaster
  • Spawn Location: 5:00

VOD

Have the link to the VOD?

Description

Time

  • Played on: Jan. 11, 2019, 2:11 p.m.
  • Length: 26:05
Show
View Real Time Build Order
Export as new Build Order

Geralt Protoss 

Build Orders: 1 Gate Expand, Oracle Opening, Phoenix Opening 

Get SALT Encoding   

  12  0:00  Probe  
  13  0:12  Probe  
  14  0:20  Pylon  
  14  0:24  Probe  
  15  0:29  Assimilator  
  15  0:34  Probe  
  16  0:43  Probe  
  16  0:44  Gateway  
  17  0:54  Probe  
  18  1:06  Probe  
  19  1:18  Probe  
  20  1:30  Probe  
  21  1:34  Nexus  
  21  1:42  Cybernetics Core  
  21  1:44  Probe  
  22  1:50  Assimilator  
  22  1:56  Pylon  
  22  1:59  Probe  
  23  2:10  Adept  
  23  2:14  Probe  
  24  2:20  Warp Gate  
  26  2:24  Stargate  
  26  2:26  Probe  
  27  2:31  Adept  
  27  2:38  Probe  
  30  2:50  Probe  
  30  2:51  Probe  
  32  2:58  Adept  
  32  2:59  Pylon  
  32  3:00  Oracle  
  32  3:02  Probe  
  32  3:03  Probe  
  39  3:15  Probe  
  39  3:16  Probe  
  41  3:27  Oracle, Probe  
  42  3:28  Probe  
  43  3:36  Pylon  
  43  3:39  Probe  
  43  3:40  Probe  
  48  3:45  Pylon  
  48  3:49  Assimilator  
  48  3:51  Probe  
  48  3:52  Assimilator  
  50  3:56  Phoenix  
  50  4:00  Probe  
  50  4:03  Probe  
  53  4:12  Probe  
  53  4:15  Probe  
  55  4:22  Phoenix  
  53  4:25  Probe  
  54  4:31  Probe  
  54  4:37  Stargate, Probe  
  56  4:39  Gateway  
  56  4:40  Gateway  
  56  4:43  Adept, Gateway, Probe  
  59  4:49  Probe  
  59  4:50  Phoenix  
  62  4:56  Probe  
  63  5:02  Probe  
  64  5:08  Probe  
  64  5:13  Phoenix  
  64  5:14  Probe, Adept  
  70  5:22  Shield Battery  
  70  5:24  Pylon x2  
  70  5:28  Nexus  
  70  5:32  Pylon  
  70  5:37  Phoenix x2  
  70  5:42  Protoss Air Weapons Level 1, Probe  
  75  5:52  Adept  
  77  5:59  Probe  
  77  6:00  Adept x3  
  77  6:02  Phoenix x2  
  88  6:08  Probe  
  88  6:11  Probe  
  86  6:27  Probe x2, Phoenix x2  
  92  6:39  Probe x2  
  94  6:42  Robotics Facility  
  94  6:43  Forge  
  94  6:47  Probe  
  94  6:50  Pylon  
  94  6:51  Probe x2  
  94  6:52  Pylon  
  97  6:59  Probe  
  98  7:01  Assimilator  
  98  7:03  Probe x2, Assimilator  
  98  7:05  Gateway x2  
  100  7:10  Robotics Facility  
  98  7:17  Protoss Ground Weapons Level 1  
  98  7:22  Gateway, Immortal  
  92  7:23  Probe  
  92  7:24  Probe x2, Pylon  
  92  7:27  Twilight Council  
  95  7:34  Zealot x4  
  95  7:35  Probe  
  108  7:48  Immortal  
  108  7:49  Immortal  
  107  7:54  Probe  
  108  8:01  Gateway  
  108  8:03  Pylon  
  116  8:07  Charge  
  116  8:08  Templar Archives  
  116  8:10  Pylon  
  116  8:11  Pylon  
  116  8:14  Pylon  
  116  8:17  Immortal  
  116  8:19  Immortal  
  124  8:35  Nexus  
  124  8:37  Psionic Storm  
  124  8:39  Pylon  
  124  8:50  High Templar x2  
  124  8:51  High Templar  
  130  8:57  Immortal  
  130  8:58  Protoss Ground Weapons Level 2  
  130  8:59  High Templar  
  130  9:02  Photon Cannon  
  136  9:03  Immortal  
  136  9:05  Probe, Photon Cannon  
  136  9:06  Shield Battery  
  136  9:07  Photon Cannon, Shield Battery  
  141  9:10  Pylon  
  141  9:17  Probe  
  141  9:19  Photon Cannon  
  142  9:30  Photon Cannon  
  142  9:31  Shield Battery  
  142  9:32  Warp Prism  
  142  9:36  Observer  
  144  9:41  High Templar  
  144  9:42  High Templar, Zealot x3  
  144  9:45  Assimilator  
  153  9:48  Immortal, Assimilator  
  153  9:50  Archon  
  153  9:51  Pylon  
  157  10:08  Fleet Beacon  
  157  10:10  Pylon  
  157  10:11  Pylon  
  157  10:15  Gateway  
  157  10:16  Gateway  
  157  10:20  Zealot x2  
  157  10:21  Zealot x3  
  167  10:37  Probe  
  167  10:38  High Templar x2  
  169  10:50  Gateway  
  169  10:51  Zealot  
  169  10:52  Gateway, Zealot x4  
  179  11:03  Immortal  
  169  11:04  Immortal  
  173  11:12  Zealot x7  
  173  11:15  Probe  
  188  11:34  Archon  
  188  11:35  Archon  
  162  11:41  High Templar x2  
  162  11:42  Immortal, High Templar x4  
  162  11:44  Immortal  
  177  11:49  Tempest x2  
  177  11:52  Zealot x3  
  177  11:53  Zealot x2  
  193  12:12  Probe  
  172  12:20  Probe  
  172  12:21  Tempest  
  172  12:22  Tempest  
  167  12:27  Protoss Ground Weapons Level 3  
  165  12:31  High Templar x4  
  165  12:32  High Templar x2  
  185  12:39  Archon x3  
  185  12:42  Protoss Air Weapons Level 2  
  185  12:46  Nexus  
  185  12:47  Zealot x2, Pylon  
  189  13:04  Tempest  
  194  13:07  Zealot x3  
  160  13:22  Archon  
  160  13:23  Zealot  
  160  13:24  Zealot x3  
  160  13:26  Zealot x4  
  136  13:28  Tempest  
  136  13:31  Immortal  
  136  13:34  Zealot x2  
  131  13:40  Zealot  
  121  13:47  Tempest  
  118  13:50  High Templar x3  
  118  13:51  High Templar x2, Zealot x3  
  134  14:02  Archon x2  
  132  14:05  Zealot x3  
  128  14:13  Zealot x3  
  107  14:29  High Templar x2  
  107  14:30  High Templar x2, Zealot x4  
  114  14:34  Probe x2  
  114  14:35  Probe, Tempest  
  114  14:36  Tempest  
  115  14:39  Probe  
  115  14:40  Immortal  
  130  14:50  High Templar  
  130  14:51  Probe  
  130  14:52  Zealot x2  
  137  15:10  High Templar x2, Zealot  
  143  15:14  Immortal  
  143  15:19  Nexus  
  147  15:22  Pylon  
  147  15:25  High Templar x2, Assimilator  
  147  15:27  Assimilator  
  151  15:29  Warp Prism, Archon  
  151  15:33  Photon Cannon  
  153  15:44  Zealot x3  
  153  15:49  Observer, High Templar x2  
  163  15:59  Zealot x6  
  163  16:01  Probe  
  172  16:09  Sentry, Zealot  
  172  16:11  Zealot  
  170  16:25  High Templar x2  
  170  16:34  High Templar x2  
  170  16:35  Zealot x7  
  188  16:42  Immortal x2  
  188  16:57  Probe  
  185  17:04  Zealot x4  
  185  17:05  Zealot x4  
  193  17:14  Zealot x2  
  193  17:15  Zealot  
  189  17:21  Immortal  
  183  17:27  Immortal  
  167  17:43  High Templar x2  
  167  17:44  Zealot x7  
  162  17:46  Probe  
  158  18:00  Immortal  
  158  18:01  High Templar x2  
  156  18:06  Immortal  
  156  18:07  Probe x2  
  156  18:08  Archon, High Templar x2  
  156  18:09  High Templar  
  156  18:11  Zealot  
  170  18:16  Probe  
  171  18:25  Zealot x5  
  124  18:47  Zealot x8  
  140  18:48  High Templar, Immortal  
  140  18:49  High Templar x2  
  150  18:56  Immortal  
  148  19:11  High Templar x2  
  142  19:21  Immortal  
  142  19:24  High Templar x2  
  146  19:26  Gateway  
  146  19:28  Gateway  
  146  19:29  Archon  
  146  19:30  Gateway  
  150  19:32  Zealot x5, Pylon  
  160  19:39  Observer  
  161  19:47  Zealot x4  
  159  19:53  Observer  
  159  19:55  High Templar x2  
  163  20:00  Void Ray  
  163  20:06  Pylon  
  158  20:31  Zealot x5  
  158  20:32  Zealot x3  
  168  20:39  Immortal x2  
  174  20:46  Zealot x3  
  170  21:02  Zealot x8  
  186  21:11  Zealot x3  
  186  21:18  Immortal x2  
  174  21:27  Tempest x2  
  174  21:28  Zealot x2  
  175  21:44  High Templar x5  
  169  21:58  Zealot x5  
  169  22:01  Archon x2  
  170  22:04  Archon  
  157  22:19  Zealot x4  
  157  22:20  Zealot x3  
  171  22:25  Zealot x3  
  140  23:21  Zealot x3  
  146  23:29  Probe, High Templar x3  
  146  23:32  Probe x2  
  146  23:33  Probe  
  156  23:44  Probe  
  145  24:22  Zealot  
  145  24:23  Zealot x4  
  155  24:29  Zealot  
Show
View Real Time Build Order
Export as new Build Order

Lambo Zerg - Winner!

Build Orders: Hatch First 

Get SALT Encoding   

  12  0:00  Drone  
  13  0:12  Overlord  
  13  0:17  Drone  
  14  0:30  Drone x2  
  16  0:49  Hatchery  
  15  0:52  Drone  
  16  0:57  Drone  
  16  1:00  Drone  
  18  1:10  Extractor  
  17  1:15  Spawning Pool  
  17  1:18  Drone  
  17  1:22  Drone  
  18  1:31  Drone  
  19  1:40  Drone  
  20  1:50  Overlord  
  20  2:02  Queen x2, Zergling x2  
  20  2:03  Zergling x2  
  26  2:12  Drone  
  26  2:13  Drone  
  26  2:15  Metabolic Boost  
  28  2:26  Drone x2  
  30  2:38  Hatchery  
  30  2:42  Drone  
  30  2:44  Drone  
  30  2:47  Drone  
  30  2:49  Zergling x2  
  32  2:58  Queen  
  34  3:01  Overlord  
  34  3:04  Drone  
  35  3:06  Drone  
  36  3:21  Drone x2  
  36  3:22  Drone x3  
  36  3:25  Overlord, Drone  
  42  3:27  Drone  
  43  3:36  Drone  
  43  3:41  Spore Crawler  
  43  3:42  Drone  
  43  3:43  Queen  
  43  3:48  Lair, Drone x3  
  49  3:49  Drone  
  49  3:53  Extractor  
  49  3:56  Drone x2  
  49  4:02  Roach Warren  
  50  4:04  Overlord  
  50  4:06  Zergling x4  
  50  4:09  Zergling x2  
  52  4:15  Drone x3  
  53  4:18  Drone x2  
  53  4:23  Drone  
  55  4:27  Spore Crawler  
  55  4:28  Drone  
  53  4:31  Drone  
  53  4:32  Drone  
  53  4:37  Overlord  
  55  4:38  Drone  
  55  4:40  Drone  
  57  4:49  Spore Crawler, Drone x2  
  57  4:50  Drone  
  57  4:51  Extractor  
  58  4:53  Overseer  
  58  4:54  Overlord  
  58  4:59  Drone x4  
  62  5:04  Drone  
  62  5:05  Drone x2  
  62  5:07  Drone  
  64  5:08  Drone  
  64  5:10  Drone  
  64  5:12  Drone  
  66  5:14  Drone  
  66  5:15  Drone x2  
  66  5:19  Hydralisk Den  
  66  5:21  Drone x2  
  70  5:23  Glial Reconstitution, Drone x2  
  72  5:28  Drone  
  72  5:29  Extractor  
  72  5:31  Extractor  
  72  5:32  Overlord  
  71  5:38  Drone x2  
  71  5:41  Spore Crawler x2  
  71  5:45  Evolution Chamber  
  71  5:48  Overlord  
  70  5:53  Evolution Chamber  
  70  5:54  Drone x3  
  70  5:56  Spore Crawler  
  70  5:57  Zergling x6  
  70  5:59  Grooved Spines  
  70  6:02  Overlord  
  73  6:09  Zergling x2  
  72  6:12  Drone x9  
  72  6:13  Drone  
  72  6:17  Drone x2  
  81  6:22  Drone  
  81  6:25  Drone x3  
  82  6:31  Queen  
  82  6:34  Extractor  
  82  6:37  Spore Crawler  
  82  6:38  Hydralisk x5  
  87  6:43  Hydralisk, Zergling x2  
  90  6:48  Overlord  
  90  6:50  Overlord  
  90  6:54  Overlord  
  90  6:57  Zerg Missile Weapons Level 1  
  90  6:59  Overlord  
  90  7:05  Overlord  
  90  7:09  Hatchery  
  90  7:15  Hydralisk x7  
  86  7:17  Drone  
  86  7:18  Drone  
  99  7:23  Hydralisk x2  
  99  7:28  Hydralisk x2  
  107  7:33  Muscular Augments  
  107  7:35  Drone x2  
  107  7:36  Drone  
  109  7:37  Hydralisk  
  109  7:40  Drone x2  
  110  7:46  Drone x4  
  112  7:53  Hydralisk x3  
  112  7:55  Drone  
  118  7:59  Drone x2  
  118  8:02  Baneling Nest  
  119  8:11  Infestation Pit  
  119  8:12  Spire, Hydralisk  
  117  8:15  Hydralisk  
  120  8:20  Overlord  
  120  8:21  Hydralisk x2  
  124  8:28  Drone x7  
  131  8:37  Drone x5  
  136  8:41  Drone x5  
  136  8:46  Centrifical Hooks  
  136  8:47  Queen  
  143  8:49  Drone  
  143  8:53  Baneling x2  
  142  8:57  Hive  
  142  8:58  Spore Crawler  
  142  9:01  Extractor  
  142  9:02  Extractor  
  139  9:08  Drone x3  
  142  9:10  Overlord, Zergling x4  
  142  9:11  Overlord  
  143  9:17  Overlord  
  143  9:23  Overlord  
  143  9:24  Zerg Missile Weapons Level 2  
  143  9:30  Evolution Chamber  
  142  9:32  Overlord  
  142  9:34  Hydralisk x8  
  142  9:35  Hydralisk  
  156  9:41  Zergling x12  
  156  9:44  Overlord  
  162  9:52  Queen  
  164  9:56  Zergling x10  
  169  10:03  Zergling x16  
  169  10:05  Hatchery  
  176  10:07  Zerg Melee Weapons Level 1  
  176  10:11  Baneling x10  
  176  10:12  Baneling x3  
  175  10:14  Greater Spire  
  175  10:25  Zergling x14  
  175  10:26  Zergling x8  
  185  10:36  Spine Crawler  
  185  10:37  Drone  
  185  10:38  Spine Crawler  
  185  10:39  Spine Crawler, Drone x3  
  185  10:42  Baneling x15  
  186  10:43  Spine Crawler  
  186  10:44  Zergling x6  
  186  10:47  Baneling x5  
  188  10:50  Zergling x6  
  179  11:04  Corruptor  
  179  11:05  Corruptor x4  
  179  11:07  Overseer  
  189  11:13  Corruptor  
  191  11:22  Zergling x14  
  197  11:29  Zergling x2  
  190  11:34  Hydralisk x5  
  190  11:35  Zergling x2  
  179  11:42  Hydralisk x7  
  178  11:50  Brood Lord  
  178  11:52  Brood Lord  
  180  11:54  Brood Lord  
  180  11:58  Brood Lord  
  180  12:04  Hydralisk Den  
  173  12:10  Zergling x20  
  167  12:24  Zergling x30  
  167  12:29  Zergling x6  
  178  12:42  Zergling x16  
  178  12:43  Baneling x9  
  178  12:44  Baneling  
  186  12:47  Zergling x4  
  186  12:49  Baneling x5  
  188  12:57  Baneling x10  
  187  13:00  Zergling x4  
  187  13:05  Overlord  
  188  13:09  Zergling x2  
  186  13:19  Hydralisk x5  
  168  13:20  Zergling x8  
  168  13:25  Zergling x8  
  153  13:27  Zergling x4  
  141  13:35  Zergling x6  
  132  13:44  Hydralisk x5  
  137  13:53  Baneling x15  
  137  13:55  Zergling x2  
  138  14:02  Zergling x12  
  137  14:04  Zergling x2  
  128  14:10  Drone x5  
  118  14:22  Hydralisk  
  118  14:23  Hydralisk x4  
  101  14:32  Drone x5  
  101  14:35  Zerg Missile Weapons Level 3  
  106  14:40  Adrenal Glands  
  106  14:47  Viper x3  
  115  14:54  Pneumatized Carapace  
  115  14:55  Hydralisk  
  115  14:56  Hydralisk x2, Zergling x2  
  115  14:58  Drone  
  115  14:59  Drone  
  124  15:06  Zergling x14  
  131  15:07  Baneling x3  
  131  15:10  Drone x3  
  131  15:13  Zerg Melee Weapons Level 2  
  134  15:16  Hydralisk  
  134  15:18  Hydralisk  
  134  15:20  Baneling x5  
  138  15:27  Drone x2  
  138  15:28  Baneling x2  
  140  15:29  Hydralisk x3  
  140  15:33  Overseer  
  146  15:35  Zergling x2  
  146  15:36  Zergling x10  
  146  15:37  Drone x2  
  146  15:38  Drone  
  146  15:42  Zergling x10  
  160  15:52  Zergling x2  
  160  15:53  Zergling x22  
  171  15:58  Queen  
  173  16:07  Zergling x22  
  180  16:16  Overlord  
  179  16:23  Overlord  
  179  16:24  Overlord  
  174  16:31  Hydralisk x10  
  174  16:32  Zergling x4  
  182  16:42  Drone  
  182  16:44  Baneling x4  
  182  16:46  Hydralisk x5  
  183  16:49  Baneling x6  
  183  16:50  Hatchery  
  187  16:54  Zergling x2  
  187  16:55  Zergling x10  
  187  17:01  Zergling x14  
  192  17:11  Zergling x20  
  198  17:17  Baneling x12  
  189  17:23  Zergling x18  
  189  17:24  Baneling x2  
  189  17:28  Baneling x10  
  198  17:36  Zergling x16  
  192  17:42  Zergling x14  
  189  17:48  Hydralisk x5  
  189  17:59  Hydralisk x3  
  189  18:05  Zergling x10  
  197  18:06  Hatchery  
  197  18:08  Overseer  
  196  18:16  Baneling x18  
  196  18:17  Zergling x2  
  196  18:18  Zergling x2  
  196  18:19  Baneling x2  
  198  18:21  Overseer x2  
  175  18:35  Hydralisk, Zergling x2  
  175  18:37  Zergling x8  
  175  18:38  Zergling x16  
  175  18:41  Zergling x6  
  158  18:45  Viper x2  
  162  18:55  Viper  
  162  18:56  Hydralisk x2  
  162  18:57  Zergling x10  
  174  19:08  Drone  
  173  19:18  Spawning Pool, Hydralisk x4  
  173  19:21  Drone  
  173  19:22  Drone x5  
  186  19:33  Baneling x9  
  186  19:35  Zerg Ground Armor Level 1  
  186  19:36  Zerg Melee Weapons Level 3, Overseer  
  181  19:56  Overlord  
  181  20:05  Hatchery, Zergling x22  
  181  20:06  Zergling x16  
  199  20:08  Overseer  
  199  20:19  Queen  
  193  20:21  Overlord  
  193  20:23  Zergling x18  
  197  20:31  Zergling x20  
  195  20:38  Hydralisk  
  195  20:39  Zergling x6  
  185  20:50  Zergling x22  
  185  20:53  Baneling x4  
  195  20:58  Baneling x15  
  195  21:03  Zergling x10  
  200  21:04  Baneling x4  
  200  21:05  Baneling x3  
  200  21:08  Overlord  
  200  21:11  Hatchery, Baneling x6  
  198  21:16  Zergling x12  
  188  21:31  Zergling x24  
  182  21:48  Zergling x36  
  182  21:49  Overseer  
  188  21:58  Zergling x16  
  188  21:59  Zergling x4  
  194  22:07  Zergling x16  
  176  22:16  Hydralisk x9  
  176  22:21  Zergling x2  
  176  22:22  Baneling x21  
  193  22:28  Zergling x12  
  197  22:31  Baneling  
  197  22:32  Baneling x14  
  193  22:41  Zergling x12  
  197  22:52  Overlord x2  
  190  23:02  Overlord  
  182  23:09  Zergling x2  
  182  23:10  Zergling x24  
  193  23:14  Hatchery  
  189  23:21  Zergling x22  
  194  23:35  Baneling x12  
  194  23:37  Zergling x12  
  194  23:39  Hatchery  
  199  23:41  Overlord  
  199  23:43  Baneling x6  
  199  23:44  Overlord  
  198  23:52  Zergling x10  
  199  24:07  Zergling x2  
  199  24:09  Baneling x3  
  195  24:26  Overlord  
  195  24:28  Overlord  
  195  24:31  Extractor x2  
  191  24:33  Zergling x14  
  191  24:37  Zergling x2  
  200  24:41  Hatchery  
  193  24:52  Zergling x28  
  184  25:09  Zergling x14  
  185  25:25  Zergling x18  
  182  25:34  Zergling x6  
  178  25:40  Zergling x6  
  160  25:54  Hatchery  
Tags
 
Add a new tag
Caveats
  • Supply blocks, unpowered buildings, or Contaminate may cause inaccurate times.
  • Supply counts are checked every 10 seconds.